 Dungeon Crawl Stone Soup version 0.30.0-29-ga12c61a403 (webtiles) character file.

Game seed: 11352900821977152190

93 BONEBRO the Caller (level 4, 0/32 HPs)
             Began as a Merfolk Summoner on June 25, 2023.
             Slain by an ice beast (12 damage)
             ... on level 3 of the Dungeon.
             The game lasted 00:08:12 (2321 turns).

BONEBRO the Caller (Merfolk Summoner)               Turns: 2321, Time: 00:08:13

Health: 0/32       AC:  3    Str: 10    XL:     4   Next: 62%
Magic:  7/7        EV: 17    Int: 14    God:
Gold:   145        SH:  0    Dex: 17    Spells: 6/7 levels left

rFire   . . .        n - +6 rapier "Comet" {spect, Dex+3}
rCold   . . .        (no shield)
rNeg    . . .        i - +0 leather armour
rPois   .            (no helmet)
rElec   .            (no cloak)
rCorr   .            (no gloves)
SInv    .            (no boots)
Will    .....        (no amulet)
Stlth   ++           e - +5 ring of evasion
HPRegen 0.25/turn    (no ring)
MPRegen 0.10/turn

%: no passive effects
@: no status effects
A: (nimble swimmer 2), mertail
a: no special abilities


You were on level 3 of the Dungeon.
You visited 1 branch of the dungeon, and saw 3 of its levels.

You collected 145 gold pieces.

Inventory:

Hand Weapons
 d - a +0 club
 g - a +0 short sword
 h - a +0 whip
 l - a +0 trident
 m - a +0 spear
 n - the +6 rapier "Comet" (weapon) {spect, Dex+3}
   (You found it on level 2 of the Dungeon)

   Dex:       It affects your dexterity (+3).
Armour
 a - a +0 robe
 i - a +0 leather armour (worn)
Jewellery
 e - a +5 ring of evasion (left hand)
 s - a ring of magical power
Wands
 p - a wand of polymorph (7)
Scrolls
 f - 4 scrolls of identify {unknown}
 j - a scroll of noise {unknown}
 k - a scroll of teleportation {unknown}
 q - a scroll of magic mapping {unknown}
 t - a scroll of fear {unknown}
 u - a scroll of brand weapon {unknown}
Potions
 b - a potion of magic
 c - 4 potions of curing {unknown}
 o - 2 potions of attraction {unknown}
 r - a potion of brilliance {unknown}


   Skills:
 - Level 1.3 Fighting
 + Level 3.2 Polearms
 - Level 2.6 Dodging
 - Level 2.1 Stealth
 - Level 2.0 Spellcasting
 - Level 5.0 Summonings


You had 6 spell levels left.
You knew the following spells:

 Your Spells              Type           Power      Damage    Failure   Level
a - Summon Small Mammal   Summ           60%        N/A       4%          1

Your spell library contained the following spells:

 Spells                   Type           Power      Damage    Failure   Level
 Call Imp                 Summ           30%        N/A       6%          2
 Call Canine Familiar     Summ           15%        N/A       12%         3
 Summon Guardian Golem    Hex/Summ       8%         N/A       34%         3
 Summon Lightning Spire   Summ/Air       8%         N/A       75%         4


Dungeon Overview and Level Annotations

Branches:
Dungeon (3/15)

Altars:
Zin

Shops:
D:2 =


Innate Abilities, Weirdness & Mutations

((You are very nimble when in or above water. (Stealth+, EV+, Speed+++)))
Your lower body shifts to a powerful aquatic tail in water.


Message History

You hit the ice beast.
The ice beast is moderately wounded.
The ice beast hits you. The ice beast freezes you.
You completely miss the ice beast.
The ice beast is moderately wounded.
The ice beast completely misses you.
You hit the ice beast.
The ice beast is moderately wounded.
The ice beast barely misses you.
You hit the ice beast.
The ice beast is moderately wounded.
The ice beast hits you but does no damage.
You barely miss the ice beast.
The ice beast is moderately wounded.
The ice beast completely misses you. The ice beast hits you.
The ice beast freezes you!
You hit the ice beast but do no damage.
The ice beast is moderately wounded.
The ice beast hits you. The ice beast freezes you!
* * * LOW HITPOINT WARNING * * *
You see here a giant cockroach corpse.
The ice beast attacks as you move away! The ice beast misses you.
The ice beast attacks as you move away! The ice beast completely misses you.
The ice beast attacks as you move away! The ice beast misses you.
The ice beast attacks as you move away!
The ice beast hits you but does no damage.
The ice beast attacks as you move away! The ice beast misses you.
You see here a +0 dagger.
Items here: ))) [ ††.
The ice beast attacks as you move away! The ice beast closely misses you.
The ice beast attacks as you move away! The ice beast closely misses you.
The ice beast barely misses you. The ice beast attacks as you move away!
The ice beast misses you.
An adder comes into view.
There is an open door here.
The ice beast attacks as you move away! The ice beast completely misses you.
The ice beast attacks as you move away! The ice beast barely misses you.
The ice beast attacks as you move away! The ice beast hits you.
The ice beast freezes you!
You die...

.#...##.#
#...#########.##.#
#.##.##.#
##.#.....##....##.##
.#.#†##.#
#..##.##.##.##...†..
.###....#
#.###+##'##'#####.##
..)).#..# #.#.....#.....#
#.## ..#####.###
#.#.....#.....# ... #.#
#...#
#.'##+##'##'##+.#### #.#
###.# ###..#.....#..#.
#.# #.# #@.#+###'#..# #.#
#.# ###Y.#.....#..# #.#
#.# #.'..+.._..+..+ #<#
#.# #.#..#.....#..# #.#
#.# ##.#..#+###+#..#
#.###..#..#.....#..######
#.##...+##+ +##'##'....#
#......# #.....##.#.#
####.### #.....##.#.#


You could see an ice beast.

Vanquished Creatures
  An adder (D:2)
  A dart slug (D:2)
  5 orcs (D:3)
  2 ball pythons
  5 bats
  6 endoplasms
  4 giant cockroaches
  4 hobgoblins
  A jackal (D:1)
  4 kobolds (D:1)
  4 quokkas
  5 frilled lizards (D:2)
  2 goblins
  2 rats (D:3)
46 creatures vanquished.

Vanquished Creatures (collateral kills)
  2 dart slugs (D:1)
  2 orcs (D:3)
  2 ball pythons (D:1)
  2 giant cockroaches
  4 goblins
  A jackal (D:1)
  A kobold (D:3)
  A rat (D:1)
15 creatures vanquished.

Grand Total: 61 creatures vanquished

Notes
Turn   | Place    | Note
-------+----------+-------------------------------------------
     0 | D:1      | BONEBRO the Merfolk Summoner began the quest for the Orb.
     0 | D:1      | Reached XP level 1. HP: 13/13 MP: 3/3
   218 | D:1      | Reached XP level 2. HP: 10/19 MP: 5/5
   642 | D:1      | Reached XP level 3. HP: 24/24 MP: 3/6
   698 | D:1      | Reached skill level 5 in Summonings
  1078 | D:2      | Reached skill level 1 in Fighting
  1340 | D:2      | Found Amoph's Jewellery Boutique.
  1422 | D:2      | Identified the +6 rapier "Comet" {spect, Dex+3}
  1567 | D:2      | Reached skill level 1 in Polearms
  1666 | D:2      | Reached XP level 4. HP: 32/32 MP: 4/7
  1741 | D:2      | Found a faded altar of an unknown god.
  2049 | D:3      | Found a glowing silver altar of Zin.
  2275 | D:3      | Noticed an ice beast
  2321 | D:3      | Slain by an ice beast

Illustrated notes

Levels and vault maps discovered:
D:1:      lordsloth_arrival_two_stooges, layout_loops_ring
D:2:      layout_loops_ring, shapermc_ecumenical_altar_totnotflames,
          serial_shops, nicolae_shop_window_shopping,
          nicolae_figureground_sparkle
D:3:      layout_loops_ring, mainiacjoe_overflow_24_doors, minmay_vboxes,
          uniq_robin

Skill      XL: |  1  2  3  4 |
---------------+-------------+-----
Summonings     | 5 |  5.0
Fighting       | 1 |  1.3
Polearms       | 1 3 |  3.2
Dodging        | |  2.6
Stealth        | |  2.1
Spellcasting   | |  2.0

Action                     |  1- 3 |  4- 6 || total
---------------------------+-------+-------++-------
  Melee: Club              |    34 |       ||    34
         Unarmed           |     8 |       ||     8
         Short sword       |    64 |       ||    64
         Rapier            |     9 |    56 ||    65
         Punch             |     1 |       ||     1
   Cast: Summon Small Mamm |    39 |     9 ||    48
   Stab: Sleeping          |     4 |     2 ||     6
         Distracted        |     1 |     1 ||     2
 Armour: Robe              |    10 |       ||    10
         Leather armour    |    12 |     7 ||    19
  Dodge: Dodged            |    93 |    50 ||   143
